 Dungeon Crawl Stone Soup version 0.23-a0-14-g8c9a20f (webtiles) character file.

39 wissler1 the Skirmisher (level 3, -3/35 HPs)
             Began as a Minotaur Abyssal Knight on Aug 2, 2018.
             Was a Believer of Lugonu.
             Slain by a gnoll
             ... wielding a +0 whip
              (6 damage)
             ... on level 2 of the Dungeon.
             The game lasted 00:05:51 (1059 turns).

wissler1 the Skirmisher (Minotaur Abyssal Knight)   Turns: 1059, Time: 00:05:51

Health: -3/35      AC:  3    Str: 17    XL:     3   Next: 26%
Magic:  3/3        EV: 11    Int:  9    God:    Lugonu [**....]
Gold:   68         SH:  0    Dex:  9    Spells: 2/2 levels left

rFire    . . .     SeeInvis +   k - -3 dagger (curse)
rCold    . . .     Gourm    .   (no shield)
rNeg     . . .     Faith    +   b - +0 leather armour
rPois    .         Spirit   .   (helmet restricted)
rElec    .         Reflect  .   (no cloak)
rCorr    .         Harm     .   (no gloves)
MR       .....                  (no boots)
Stlth    ..........             e - amulet of faith
HPRegen  0.11/turn              f - ring of attention (curse)
MPRegen  0.08/turn              l - ring of see invisible

@: hasted, very quick
A: retaliatory headbutt, horns 2
a: Depart the Abyss, Bend Space, Renounce Religion


You were on level 2 of the Dungeon.
You worshipped Lugonu.
Lugonu was pleased with you.
You were hungry.

You visited 1 branch of the dungeon, and saw 2 of its levels.
You visited the Abyss 1 time.

You collected 68 gold pieces.

Inventory:

Hand Weapons
 a - a +1 mace
 k - a cursed -3 dagger (weapon)
Armour
 b - a +0 leather armour (worn)
Jewellery
 e - an amulet of faith (around neck)
 f - a cursed ring of attention (left hand)
 l - a ring of see invisible (right hand)
Scrolls
 d - a scroll of fear
 h - a scroll of identify {unknown}
Comestibles
 c - 4 rations


   Skills:
 + Level 4.8 Fighting
 + Level 2.9 Maces & Flails
 + Level 2.4 Armour
 + Level 1.4 Dodging
 + Level 1.7 Invocations


You had 2 spell levels left.
You didn't know any spells.
Your spell library was empty.

Dungeon Overview and Level Annotations

Branches:
Dungeon (2/15)

Altars:


Innate Abilities, Weirdness & Mutations

You reflexively headbutt those who attack you in melee.
You have a pair of horns on your head.


Message History

The gnoll shouts!
You hear a shout!
A gnoll comes into view. It is wielding a halberd.
Found a stone staircase leading up.
A rat comes into view.
The gnoll hits you with a whip.
You hit the gnoll but do no damage. The gnoll hits you but does no damage.
You hit the gnoll but do no damage.
The gnoll hits you from afar with a halberd!
The gnoll barely misses you.
You hit the gnoll but do no damage. The gnoll barely misses you. x2
You hit the gnoll but do no damage.
The gnoll hits you from afar with a halberd!
* * * LOW HITPOINT WARNING * * *
The gnoll hits you with a whip.
* * * LOW HITPOINT WARNING * * *
Okay, then.
Okay, then.
It was a potion of haste.
You feel yourself speed up. The gnoll hits you with a whip.
You die...

...# *,**,* *,** ...#
##########***,**,******,*, ...#
#>.......,,,,,,,,,,,,,,,,,
...#####.####.###******,.,,,,,**,
..........(.(...# **###..,,,,,**,
[.........#.#.#.# *....<.,,,,,,*,
..........#§#.#.###....#.,,,,,,*,
...#####.§§§#.#........'.,,,,,,*,
.#.# #§§#§#.#.@g.....#**,,,,,*,
...# #§§#§#.#...g....# *,,,,,*,
##.#####.§#§#.#...r....# *,,,,,*,
,..##....§§§#.#........# ****'***
****#.##.§###,#........# **,***
,,,,,,*#..,,*,#........#****,,,,*
########..,,,,.........'.,,,,,,,,
..........,,,.#####....##,,,,,*,*
...#####.######**********,***,*,*


You could see 2 gnolls and a rat.

Vanquished Creatures
  An ooze (D:1)
  A dart slug (D:1)
  3 bats (D:1)
  3 hobgoblins (D:1)
  6 jackals
  2 frilled lizards (D:1)
  3 goblins (D:2)
  4 kobolds
  9 rats (D:1)
  A fungus (D:1)
33 creatures vanquished.

Notes
Turn   | Place    | Note
-------+----------+-------------------------------------------
     0 | Abyss:1  | wissler1 the Minotaur Abyssal Knight began the quest for the Orb.
     0 | Abyss:1  | Reached XP level 1. HP: 19/19 MP: 1/1
    21 | Abyss:1  | Found a corrupted altar of Lugonu.
    81 | Abyss:1  | Found a corrupted altar of Lugonu.
   235 | Abyss:1  | Found a corrupted altar of Lugonu.
   258 | D:1      | Escaped the Abyss
   429 | D:1      | Reached skill level 4 in Fighting
   478 | D:1      | Reached XP level 2. HP: 14/27 MP: 2/2
   658 | D:1      | Reached ** piety under Lugonu
   775 | D:1      | Reached XP level 3. HP: 22/34 MP: 3/3
  1059 | D:2      | Slain by a gnoll

Vault maps used:
D:1:      dpeg_arrival_prison
D:2:      first_ration

Skill      XL: |  1 |
---------------+----+-----
Fighting       | 4 |  4.8
Maces & Flails | |  2.9
Armour         | |  2.4
Dodging        | |  1.4
Invocations    | |  1.7

Action                   || total
-------------------------++-------
Melee: Mace              ||    70
       Headbutt          ||    11
       Dagger            ||     7
  Use: Scroll            ||     4
       Potion            ||     1
Armor: Leather armour    ||    26
Dodge: Dodged            ||    59

Table legend:
 A = Spawn XP
 B = Non-spawn XP
 C = Spawn XP percentage of total XP
 D = Spawn monster count
 E = Non-spawn monster count
 F = Spawn count percentage of total count
 G = Total turns spent on level
                    A         B        C        D         E        F      G
               +---------+---------+-------+---------+---------+-------+---------
         Total |       0 |      56 |   0.0 |       0 |      32 |   0.0 |  1059
               +---------+---------+-------+---------+---------+-------+---------
           D:1 |       0 |      41 |   0.0 |       0 |      24 |   0.0 |   610
           D:2 |       0 |      15 |   0.0 |       0 |       8 |   0.0 |   191
               +---------+---------+-------+---------+---------+-------+---------
